 Dungeon Crawl Stone Soup version 0.29-a0-717-g6dac4ea423 (webtiles) character file.

Game seed: 1661656071022294531

1187 HoaS the Skirmisher (level 8, -4/44 HPs)
             Began as a Tengu Hunter on June 26, 2022.
             Was a Believer of Okawaru.
             Killed by vampiric draining
             ... invoked by a vampire
              (20 damage)
             ... on level 6 of the Dungeon.
             The game lasted 00:08:14 (4690 turns).

HoaS the Skirmisher (Tengu Hunter)                  Turns: 4690, Time: 00:08:14

Health: -4/44      AC: 11    Str: 12    XL:     8   Next: 43%
Magic:  10/10      EV: 14    Int:  9    God:    Okawaru [**....]
Gold:   260        SH:  0    Dex: 20    Spells: 7/7 levels left

rFire   . . .      SeeInvis .   a - +3 shortbow (flame)
rCold   . . .      Faith    .   (shield currently unavailable)
rNeg    . . .      Spirit   .   c - +0 leather armour
rPois   .          Reflect  .   (helmet restricted)
rElec   .          Harm     .   (no cloak)
rCorr   .          Rampage  .   (no gloves)
Will    .....                   (boots unavailable)
Stlth   ++........              i - amulet of regeneration
HPRegen 0.94/turn               f - ring of flight
MPRegen 0.12/turn               l - +4 ring of protection

@: flying quickly and evasively, invisible, quick
A: beak, talons 3, nimble flight, iridescent scales 2, low MP 1, wild magic 1
a: Renounce Religion, Heroism


You were on level 6 of the Dungeon.
You worshipped Okawaru.
Okawaru was pleased with you.
You visited 2 branches of the dungeon, and saw 7 of its levels.

You collected 260 gold pieces.

Inventory:

Hand Weapons
 a - a +3 shortbow of flaming (weapon)
Armour
 c - a +0 leather armour (worn)
Jewellery
 f - a ring of flight (left hand)
 g - a +6 ring of intelligence
 i - an amulet of regeneration (around neck)
 l - a +4 ring of protection (right hand)
 m - a ring of ice
Scrolls
 b - 2 scrolls of immolation
 j - 5 scrolls of identify
Potions
 d - 2 potions of mutation
 e - a potion of attraction
 n - a potion of cancellation


   Skills:
 - Level 2.0 Fighting
 * Level 10.9 Ranged Weapons
 - Level 2.1 Dodging
 - Level 1.0 Stealth
 - Level 3.0 Invocations


You had 7 spell levels left.
You didn't know any spells.
Your spell library contained the following spells:

 Spells                   Type           Power      Damage    Failure   Level
 Foxfire                  Conj/Fire      0%         2x1d4     54%         1
 Poisonous Vapours        Pois/Air       0%         N/A       69%         2
 Sublimation of Blood     Necr           0%         N/A       69%         2
 Conjure Flame            Conj/Fire      0%         6-21      88%         3
 Gell's Gravitas          Tloc           0%         N/A       88%         3
 Inner Flame              Hex/Fire       0%         N/A       88%         3
 Lesser Beckoning         Tloc           0%         N/A       88%         3
 Teleport Other           Tloc           0%         N/A       88%         3
 Corpse Rot               Necr/Pois/Air  0%         N/A       99%         4
 Flame Wave               Conj/Fire      0%         2d4       99%         4
 Petrify                  Tmut/Erth      0%         N/A       99%         4
 Irradiate                Conj/Tmut      0%         3d13      100%        5
 Orb of Destruction       Conj           0%         9d5       100%        7
 Storm Form               Tmut/Air       0%         N/A       100%        7
 Maxwell's Capacitive Co  Air            0%         ∞         100%        8
 Summon Guardian Golem    Hex/Summ       Unusable   N/A       N/A         3
 Summon Lightning Spire   Summ/Air       Unusable   N/A       N/A         4
 Spellforged Servitor     Conj/Summ      Unusable   N/A       N/A         7

Dungeon Overview and Level Annotations

Branches:
Dungeon (6/15)             Temple (1/1) D:4

Altars:
Cheibriados
Dithmenos
Fedhas
Gozag
Hepliaklqana
Kikubaaqudgha
Makhleb
Okawaru
Qazlal
Ru
Trog
Uskayaw
Vehumet
Wu Jian
Xom
Yredelemnul
Zin
The Shining One


Innate Abilities, Weirdness & Mutations

You have a beak for a mouth.
You have claws for feet.
Your magical nature lets you fly swiftly and evasively.
You are mostly covered in iridescent scales. (AC +4)
Your magical capacity is low. (-10% MP)
Your spells are a little harder to cast, but a little more powerful.


Message History

The vampire bites you but does no damage.
You shoot an arrow. The arrow hits the vampire.
The arrow burns the vampire.
The vampire is severely damaged.
The vampire misses you.
The vampire bites you but does no damage.
You shoot an arrow. The arrow hits the vampire.
The arrow burns the vampire.
The vampire is almost destroyed.
The vampire draws life force from you!!
The vampire is healed by the life force!
You shoot an arrow. The arrow closely misses the vampire.
The vampire casts a spell at you. You resist with some effort.
You shoot an arrow.
The arrow hits the vampire but does no damage.
The vampire is heavily damaged.
The vampire completely misses you. The vampire barely misses you.
You shoot an arrow. The arrow closely misses the vampire.
The vampire barely misses you. The vampire bites you.
The vampire draws strength from your injuries!
You shoot an arrow.
The arrow hits the vampire but does no damage.
The vampire is heavily damaged.
The vampire closely misses you. x2
You shoot an arrow. The arrow hits the vampire!
The arrow burns the vampire.
The vampire is severely damaged.
You shoot an arrow. The arrow closely misses the vampire.
The vampire draws life force from you!
The vampire is healed by the life force!
You are too injured to fight recklessly!
You are too injured to fight recklessly!
You are too injured to fight recklessly!
Okay, then.
Fire: a) +3 shortbow (flame)
Press: ? - help, Q - select action, (/) - cycle Shift-Dir - straight line, f/p - vampire
Aim: a vampire (heavily damaged, 71% to hit)
You shoot an arrow.
The arrow hits the vampire but does no damage.
The vampire is heavily damaged.
The vampire draws life force from you!!
You die...

## ..# .: #.## .#
..## ...##
##..###... #...#
#.@V......
#..##.#...#...
#....##......
####......#.##
#######..)..#####
#
.####...........#
....#.)....###.##
###).......# #.#
.))).)..#.## #.#


You could see a vampire.

Vanquished Creatures
  A water moccasin (D:5)
  An ogre (D:3)
  A phantom (D:5)
  A kobold brigand (D:6)
  A bullfrog (D:5)
  A scorpion (D:5)
  5 hounds
  4 orc priests
  Terence (D:2)
  4 iguanas
  6 orc wizards
  Robin (D:3)
  3 gnolls (D:2)
  3 adders
  2 ufetubi
  7 dart slugs
  2 worms
  14 orcs
  2 bats
  6 endoplasms
  5 giant cockroaches
  11 goblins
  9 hobgoblins
  3 quokkas
  9 ball pythons
  3 frilled lizards
  12 kobolds
  3 rats
121 creatures vanquished.

Notes
Turn   | Place    | Note
-------+----------+-------------------------------------------
     0 | D:1      | HoaS the Tengu Hunter began the quest for the Orb.
     0 | D:1      | Reached XP level 1. HP: 12/12 MP: 2/2
    66 | D:1      | Reached XP level 2. HP: 16/17 MP: 3/3
   220 | D:1      | Reached skill level 5 in Ranged Weapons
   515 | D:1      | Reached XP level 3. HP: 21/21 MP: 4/4
   858 | D:2      | Noticed Terence
   864 | D:2      | Gained mutation: You are partially covered in iridescent
                  | scales. (AC +2) [potion of mutation]
   864 | D:2      | Gained mutation: Your spells are a little harder to cast,
                  | but a little more powerful. [potion of mutation]
   864 | D:2      | Gained mutation: Your magical capacity is low. (-10% MP)
                  | [potion of mutation]
   864 | D:2      | Gained mutation: You are mostly covered in iridescent
                  | scales. (AC +4) [potion of mutation]
   872 | D:2      | Killed Terence
   873 | D:2      | Reached skill level 6 in Ranged Weapons
  1193 | D:2      | Reached XP level 4. HP: 26/26 MP: 4/4
  1273 | D:2      | Found a faded altar of an unknown god.
  1894 | D:3      | Gained mutation: Your magical nature lets you fly swiftly
                  | and evasively. [Tengu growth]
  1894 | D:3      | Reached XP level 5. HP: 30/30 MP: 5/5
  1907 | D:3      | Found a sacrificial altar of Ru.
  2034 | D:2      | Reached skill level 7 in Ranged Weapons
  2190 | D:3      | Noticed Robin
  2204 | D:3      | Reached XP level 6. HP: 35/35 MP: 6/6
  2212 | D:3      | Killed Robin
  2383 | D:3      | Reached skill level 8 in Ranged Weapons
  2637 | D:4      | Found a staircase to the Ecumenical Temple.
  2653 | Temple   | Entered the Ecumenical Temple
  2673 | Temple   | Became a worshipper of Warmaster Okawaru
  2899 | D:4      | Found a glowing silver altar of Zin.
  3092 | D:4      | Reached XP level 7. HP: 40/40 MP: 7/7
  3110 | D:4      | Found a shimmering altar of Xom.
  3541 | D:5      | Entered Level 5 of the Dungeon
  3566 | D:5      | Reached skill level 9 in Ranged Weapons
  3566 | D:5      | Reached skill level 1 in Invocations
  3884 | D:5      | Reached * piety under Okawaru
  4091 | D:5      | Reached skill level 10 in Ranged Weapons
  4091 | D:5      | Reached XP level 8. HP: 44/44 MP: 8/9
  4440 | D:6      | Noticed a vampire
  4540 | D:6      | Reached ** piety under Okawaru
  4690 | D:6      | Killed from afar by a vampire

Illustrated notes

Levels and vault maps discovered:
D:1:      lightli_arrival_lavapool, layout_basic
D:2:      layout_basic, hellmonk_ecumenical_altar_zigzags,
          minmay_misc_feat_five, chequers_serial_rivers_small_3,
          nrook_mini_backslash, grunt_ministairs_10, uniq_terence
D:3:      layout_loops_ring, mainiacjoe_overflow_24_doors, uniq_robin
D:4:      layout_loops_corners, zin_treasury, mainiacjoe_overflow_tiny_flanked,
          minmay_temple_entry_stoned_glass, grunt_ministairs_7
D:5:      nicolae_BIG_FREAKIN_CUBE, layout_cave_pods, kennysheep_another_room,
          chequers_serial_rivers_small_a
D:6:      layout_rooms, mainiacjoe_overflow_alcove_2
Temple:   minmay_freezing_vapour_temple

Skill      XL: |  1  2  3  4  5  6  7  8 |
---------------+-------------------------+-----
Ranged Weapons | 5 6 7 8 10 | 10.9
Invocations    | 2 3 |  3.0
Fighting       | |  2.0
Dodging        | |  2.1
Stealth        | |  1.0

Action                   |  1- 3 |  4- 6 |  7- 9 || total
-------------------------+-------+-------+-------++-------
Melee: Shortbow          |       |     1 |       ||     1
       Peck              |       |     1 |       ||     1
 Fire: Shortbow          |    81 |   172 |   140 ||   393
  Use: Potion            |     3 |     1 |     2 ||     6
       Scroll            |     2 |     7 |     3 ||    12
Armor: Leather armour    |     6 |    28 |    18 ||    52
Dodge: Dodged            |    20 |    63 |    31 ||   114

Table legend: (Time is in decaauts)
 A = Elapsed time spent in this place.
 B = Non-inter-level travel time spent in this place.
 C = Inter-level travel time spent in this place.
 D = Time resting spent in this place.
 E = Time spent auto-exploring this place.
 F = Levels seen in this place.
 G = Mean time per level.
                   A        B        C        D        E       F      G
               +--------+--------+--------+--------+--------+-----+--------+
         Total |   4532 |   4382 |    150 |    740 |   2884 |   7 |  647.4 |
       Dungeon |   4509 |   4359 |    150 |    740 |   2875 |   6 |  751.5 |
        Temple |     23 |     23 |      0 |      0 |      9 |   1 |   23.0 |
               +--------+--------+--------+--------+--------+-----+--------+

Top non-repeatable levels by time:
     D:2: 1060 daAuts
     D:1: 856 daAuts
     D:5: 845 daAuts
     D:4: 844 daAuts
     D:3: 672 daAuts
     D:6: 229 daAuts
  Temple: 23 daAuts
